 Dungeon Crawl Stone Soup version 0.30.1-4-g462c640d31 (webtiles) character file.

Game seed: 9921111066038853443

37 Gorgoleon the Shooter (level 3, -2/21 HPs)
             Began as a Deep Elf Hunter on Aug 13, 2023.
             Slain by a hobgoblin
             ... wielding a +0 dagger
             ... led by Robin
              (3 damage)
             ... on level 2 of the Dungeon.
             The game lasted 00:02:34 (1019 turns).

Gorgoleon the Shooter (Deep Elf Hunter)             Turns: 1019, Time: 00:02:35

Health: -2/21      AC:  4    Str: 10    XL:     3   Next: 21%
Magic:  5/5        EV: 12    Int: 13    God:
Gold:   65         SH:  0    Dex: 18    Spells: 2/2 levels left

rFire   . . .        a - +0 shortbow
rCold   . . .        (shield currently unavailable)
rNeg    . . .        c - +0 leather armour
rPois   .            (no helmet)
rElec   .            (no cloak)
rCorr   .            d - +0 pair of gloves
SInv    .            (no boots)
Will    .....        (no amulet)
Stlth   ++           (no ring)
HPRegen 0.23/turn    (no ring)
MPRegen 0.09/turn

%: no passive effects
@: no status effects
A: no striking features
a: no special abilities


You were on level 2 of the Dungeon.
You visited 1 branch of the dungeon, and saw 2 of its levels.

You collected 65 gold pieces.

Inventory:

Hand Weapons
 a - a +0 shortbow (weapon)
Armour
 c - a +0 leather armour (worn)
 d - a +0 pair of gloves (worn)
Jewellery
 l - a +6 ring of strength
Scrolls
 b - a scroll of immolation
 e - a scroll of magic mapping {unknown}
 g - a scroll of identify {unknown}
Potions
 f - a potion of heal wounds {unknown}
 h - a potion of curing {unknown}
 i - a potion of invisibility {unknown}
 j - a potion of degeneration {unknown}
 k - a potion of brilliance {unknown}
 m - a potion of might {unknown}


   Skills:
 * Level 1.9 Fighting
 + Level 6.1 Ranged Weapons
 * Level 0.5 Armour
 * Level 2.8 Dodging
 - Level 1.2 Stealth


You had 2 spell levels left.
You didn't know any spells.
Your spell library contained the following spells:

 Spells                   Type           Power      Damage    Failure   Level
 Stone Arrow              Conj/Erth      0%         3d7       77%         3
 Animate Armour           Summ/Erth      0%         N/A       99%         4
 Lehudib's Crystal Spear  Conj/Erth      0%         10d2      100%        8


Dungeon Overview and Level Annotations

Branches:
Dungeon (2/15)

Altars:

Annotations:
D:2 Robin


Message History

Robin shouts!
The arrow hits the kobold.
The kobold is moderately wounded.
The kobold barely misses you. The goblin barely misses you.
You shoot an arrow.
The arrow hits the kobold but does no damage.
The kobold hits you with a +0 short sword.
The goblin hits you but does no damage.
A hobgoblin comes into view.
The kobold hits you but does no damage.
A goblin comes into view. It is wielding a +0 club.
The kobold misses you.
A hobgoblin comes into view. It is wielding a +0 dagger.
A hobgoblin comes into view.
A goblin comes into view. It is wielding a +0 dagger.
The kobold misses you. Robin hits you but does no damage.
A goblin comes into view. It is wielding a +0 short sword.
The hobgoblin shouts!
You hear a shout!
The hobgoblin barely misses you. Robin throws the goblin at you!
The goblin shouts!
Robin hits you with a +0 club.
A goblin comes into view. It is wielding a +0 club.
The goblin completely misses you.
The hobgoblin hits you but does no damage.
You shoot an arrow. The arrow barely misses the hobgoblin.
The goblin shouts!
The goblin closely misses you.
The kobold hits you with a +0 short sword.
The hobgoblin barely misses you. The hobgoblin hits you.
* * * LOW HITPOINT WARNING * * *
Robin throws the goblin at you! The goblin hits you but does no damage.
The kobold barely misses you. Robin barely misses you.
The hobgoblin barely misses you. The goblin closely misses you.
The hobgoblin hits you with a +0 dagger.
* * * LOW HITPOINT WARNING * * *
The goblin attacks as you move away! The goblin barely misses you.
The hobgoblin attacks as you move away!
The hobgoblin hits you but does no damage.
The hobgoblin hits you with a +0 dagger.
You die...

#... .....#..#
#..# ##.##....#
#..# #...##.#
#..# #...##)#
#..###...##.#
#...........#
#..g.gggg...#
###...ggg.r...#
######
#.†.....@Kg####
.....#
#.###.##...#
####.# #.#
#.##...#
#.####.#
#.######
#......# #.#
######## #.#
#.# #+#


You could see Robin, 3 hobgoblins, 5 goblins, a kobold and a rat.

Vanquished Creatures
  An adder (D:2)
  3 endoplasms
  A giant cockroach (D:1)
  3 goblins
  4 hobgoblins
  4 quokkas (D:1)
  3 ball pythons (D:1)
  2 bats (D:1)
  3 rats
24 creatures vanquished.

Notes
Turn   | Place    | Note
-------+----------+-------------------------------------------
     0 | D:1      | Gorgoleon the Deep Elf Hunter began the quest for the Orb.
     0 | D:1      | Reached XP level 1. HP: 12/12 MP: 3/3
   328 | D:1      | Reached XP level 2. HP: 17/17 MP: 4/4
   918 | D:2      | Reached skill level 6 in Ranged Weapons
   918 | D:2      | Reached XP level 3. HP: 11/21 MP: 5/5
  1010 | D:2      | Noticed Robin
  1018 | D:2      | HP: 1/21 [hobgoblin/+0 dagger[Robin] (5)]
  1019 | D:2      | Slain by a hobgoblin

Illustrated notes

Levels and vault maps discovered:
D:1:      heliophobic_arrival_battle_scene, layout_loops_corners
D:2:      layout_loops_ring, shapermc_ecumenical_altar_flowoftime, uniq_robin,
          uniq_sigmund

Skill      XL: |  1  2 |
---------------+-------+-----
Ranged Weapons | 6 |  6.1
Fighting       | |  1.9
Armour         | |  0.5
Dodging        | |  2.8
Stealth        | |  1.2

Action                     || total
---------------------------++-------
   Fire: Shortbow          ||    65
 Armour: Leather armour    ||    10
  Dodge: Dodged            ||    29
